 Dungeon Crawl Stone Soup version 0.31.0-9-g3a7656b989 (webtiles) character file.

Game seed: 3107019253908729434

114 Sobieck the Changeling (level 4, -1/39 HPs)
             Began as a Naga Shapeshifter on Jan 24, 2024.
             Incinerated by a bombardier beetle (3 damage)
             ... with a burning spray
             ... on level 2 of the Dungeon.
             The game lasted 00:04:15 (1636 turns).

Sobieck the Changeling (Naga Shapeshifter)          Turns: 1636, Time: 00:04:15

Health: -1/39      AC:  2    Str: 18    XL:     4   Next: 98%
Magic:  4/4        EV: 10    Int: 11    God:
Gold:   90         SH:  0    Dex: 10    Spells: 3/3 levels left

rFire   . .          .
                       - Unarmed
rCold   . . .        (no shield)
rNeg    . . .        a - +0 animal skin
rPois   +            (helmet currently unavailable)
rElec   .            (cloak currently unavailable)
rCorr   .            (gloves currently unavailable)
SInv    +            (no barding)
Will    .....        (no amulet)
Stlth   +            (no ring)
HPRegen 0.26/turn    (no ring)
MPRegen 0.09/turn

%: no passive effects
@: on fire, beast-form, attractive, glowing, very slow
A: beast (slay +2), AC +1, large, see invisible, deformed body, poison
resistance, slowness 2, spit poison 1, naga tail 1
a: Spit Poison, Begin Untransformation


You were on level 2 of the Dungeon.
You were a hulking beast.
You visited 1 branch of the dungeon, and saw 2 of its levels.

You collected 90 gold pieces.

Inventory:

Missiles
 j - 11 stones
 t - 6 boomerangs
Armour
 a - a +0 animal skin (worn)
Magical Staves
 k - a staff of alchemy
Talismans
 c - a beast talisman
 d - a flux talisman
 l - a blade talisman
Scrolls
 e - a scroll of immolation {unknown}
 f - a scroll of noise {unknown}
 g - a scroll of enchant armour {unknown}
 h - a scroll of identify {unknown}
 n - 3 scrolls of fog {unknown}
 o - a scroll of vulnerability {unknown}
 p - a scroll of torment {unknown}
Potions
 b - a potion of lignification
 m - a potion of mutation {unknown}


   Skills:
 + Level 1.8 Fighting
 + Level 2.1 Dodging
 + Level 2.4 Stealth
 + Level 3.8 Unarmed Combat
 * Level 3.8 Shapeshifting


You had 3 spell levels left.
You didn't know any spells.
Your spell library was empty.

Dungeon Overview and Level Annotations

Branches:
Dungeon (2/15)

Altars:


Innate Abilities, Weirdness & Mutations

You are a hulking beast.
Your limbs bulge with bestial killing power. (Slay +2)
Your serpentine skin is tough. (AC +1)
You have supernaturally acute eyesight. (SInv)
Armour fits poorly on your strangely shaped body.
Your system is resistant to poisons. (rPois)
You cover ground very slowly.
You can spit poison.
You have a snake-like lower body.


Message History

You have got your breath back.
Danger!
The bombardier beetle looks more healthy.
The bombardier beetle closely misses you.
You hit the bombardier beetle but do no damage.
The bombardier beetle is heavily wounded.
You completely miss the bombardier beetle.
The bombardier beetle is heavily wounded.
The bombardier beetle sprays incendiary fluid at you.
The burning spray hits you.
You are covered in liquid fire!
You hit the bombardier beetle but do no damage.
The bombardier beetle is heavily wounded.
The liquid fire burns you!
You completely miss the bombardier beetle.
The bombardier beetle is heavily wounded.
The liquid fire burns you!
The bombardier beetle barely misses you.
Unknown command.
You hit the bombardier beetle.
The bombardier beetle is almost dead.
The liquid fire burns you!
The bombardier beetle bites you but does no damage.
Unknown command.
You hit the bombardier beetle but do no damage.
The bombardier beetle is almost dead.
The liquid fire burns you!
You barely miss the bombardier beetle.
The bombardier beetle is almost dead.
The liquid fire burns you!
The bombardier beetle sprays incendiary fluid at you.
The burning spray hits you.
You are even more covered in liquid fire!
Unknown command.
You hit the bombardier beetle.
You kill the bombardier beetle!
The liquid fire burns you!
You shake off some of the fire as you move.
The liquid fire burns you!
You shake off some of the fire as you move.
The liquid fire burns you!
* * * LOW HITPOINT WARNING * * *
You shake off some of the fire as you move.
The liquid fire burns you!
* * * LOW HITPOINT WARNING * * *
Unknown command.
It was a potion of attraction.
You feel attractive to monsters. The liquid fire burns you!
You die...

#. #.....###.....# ###.
###......#...#... #...
..#.........###.. #<#$
#.#.....#..## ##.
#.#.###.########..###..
#. ..##.# #.#....#...
#. #.##.# #.#.#..#..#
#.##.##.#####......#..#
#.....h.##....#.....)..
####....†..##.#######.#
##########..........
#########.. #.. ### ###
#.. #.#


There were no monsters in sight!

Vanquished Creatures
  A bombardier beetle (D:2)
  2 adders (D:2)
  A ribbon worm (D:2)
  A dart slug (D:1)
  9 ball pythons
  A bat (D:2)
  6 endoplasms
  A giant cockroach (D:2)
  6 hobgoblins
  7 jackals
  A quokka (D:1)
  3 frilled lizards
  6 goblins
  4 kobolds
  2 rats
51 creatures vanquished.

Notes
Turn   | Place    | Note
-------+----------+-------------------------------------------
     0 | D:1      | Sobieck the Naga Shapeshifter began the quest for the Orb.
     0 | D:1      | Reached XP level 1. HP: 18/18 MP: 1/1
    98 | D:1      | Reached XP level 2. HP: 10/25 MP: 2/2
   108 | D:1      | Reached skill level 1 in Stealth
   824 | D:1      | Reached XP level 3. HP: 30/31 MP: 3/3
  1251 | D:2      | Found a faded altar of an unknown god.
  1256 | D:2      | Reached XP level 4. HP: 38/38 MP: 4/4
  1636 | D:2      | Incinerated by a bombardier beetle

Illustrated notes

Levels and vault maps discovered:
D:1:      mrwooster_arrival_statue_3, layout_basic, kennysheep_minor_cross,
          hangedman_abyss_or_decor_stabs
D:2:      layout_loops_cross, nicolae_ecumenical_snake_handling, minmay_3d_cube

Skill      XL: |  1  2  3  4 |
---------------+-------------+-----
Stealth        | 1 2 |  2.4
Dodging        | 2 |  2.1
Fighting       | |  1.8
Unarmed Combat | |  3.8
Shapeshifting  | |  3.8

Action                     |  1- 3 |  4- 6 || total
---------------------------+-------+-------++-------
  Melee: Unarmed           |    77 |    34 ||   111
         Punch             |     2 |       ||     2
Ability: Spit Poison       |    20 |     8 ||    28
    Use: Potion            |       |     1 ||     1
   Stab: Sleeping          |     1 |     2 ||     3
         Distracted        |       |     1 ||     1
 Armour: Animal skin       |    42 |    12 ||    54
  Dodge: Dodged            |    45 |    14 ||    59
